[Event "WSTCC-65 2024"]
[Site "Krakow"]
[Date "2024.07.05"]
[Round "4.1"]
[White "Ftacnik, Lubomir"]
[Black "Nunn, John D M"]
[Result "1/2-1/2"]
[ECO "E97"]
[WhiteElo "2452"]
[BlackElo "2552"]
[Annotator "TA"]
[PlyCount "67"]
[EventDate "2024.07.01"]
[EventType "team-tourn"]
[EventCountry "POL"]
[SourceTitle "playchess.com"]
[Source "ChessBase"]
[SourceQuality "1"]
[TimeControl "40/5400+30:1800+30"]

1. d4 Nf6 2. Nf3 g6 3. c4 Bg7 4. Nc3 O-O 5. e4 d6 6. Be2 e5 7. O-O Nc6 8. d5 Ne7 9. b4 a5 10. bxa5 Rxa5 11. a4 b6 12. Nd2 Ne8 13. Nb3 Ra8 14. Be3 {[%emt 0:02:07] White is slightly better.} f5 15. f3 Kh8 16. Qd2 {[%emt 0:19:08] White is more active.} fxe4 17. Nxe4 Nf6 18. a5 bxa5 19. Nxa5 Bd7 {[%emt 0:06:01] Prevents Nc6.} 20. g4 Neg8 ({Black should play} 20... Nxe4 $11 21. fxe4 Rxf1+ 22. Kxf1 h5) 21. Ng3 h5 22. g5 $1 Nh7 23. c5 {[%emt 0:03:21] Threatens to win with cxd6.} Bh3 24. Rfd1 {[%emt 0:04:11] Black must now prevent Ne4.} Ne7 25. cxd6 cxd6 26. Nc6 $36 {[%emt 0:03:50][%mdl 2048] White is on the roll.} Qd7 27. Nxe7 (27. Ne4 {keeps more tension.} Nf5 28. Bf2 Ne7 29. Rdc1) 27... Qxe7 28. Ne4 Bf5 ({Black should try} 28... Rfb8 $14) 29. h4 Qd7 {[%emt 0:03:02] [#]} 30. Kg2 $1 {[%emt 0:01:43] Qb4 would now be deadly.} Bxe4 31. fxe4 Ra4 (31... Rfc8 $16) 32. Qc2 $18 {[%emt 0:02:48] White is clearly better.} Rxa1 33. Rxa1 Rc8 {[%emt 0:00:12] Prevents Qc6.} 34. Qd3 {[%emt 0:00:36] Weighted Error Value: White=0.07 (flawless) /Black=0.18 (very precise) .  Mistake:       	---       	Black=3      Inaccurate:     	White=3     	Black=3      OK:         	White=6     	Black=9      Best:        	---       	Black=1      Strong:       	White=2     	---} 1/2-1/2

[Event "WSTCC-65 2024"]
[Site "Krakow"]
[Date "2024.07.05"]
[Round "4.1"]
[White "Freeman, Richard C P"]
[Black "Vilerte, Tamara"]
[Result "1/2-1/2"]
[ECO "B24"]
[WhiteElo "1951"]
[BlackElo "1971"]
[Annotator "NA RC"]
[PlyCount "32"]
[EventDate "2024.07.01"]
[EventType "team-tourn"]
[EventCountry "POL"]
[SourceTitle "playchess.com"]
[Source "ChessBase"]
[SourceQuality "1"]
[TimeControl "40/5400+30:1800+30"]

1. e4 c5 2. Nc3 Nc6 3. Bb5 g6 4. Bxc6 dxc6 5. d3 e5 6. f4 Bg7 7. Nf3 exf4 8. Bxf4 Ne7 9. O-O f6 10. Qd2 O-O 11. Bh6 Bg4 12. Bxg7 Kxg7 13. Qf4 Qd7 14. Nd1 Bxf3 15. Qxf3 Qd4+ 16. Ne3 Rad8 1/2-1/2

[Event "WSTCC-65 2024"]
[Site "Krakow"]
[Date "2024.07.05"]
[Round "4.1"]
[White "Chubar, Vladimir"]
[Black "Baker, Chris W"]
[Result "0-1"]
[ECO "A46"]
[WhiteElo "1836"]
[BlackElo "2198"]
[Annotator "RC"]
[PlyCount "82"]
[EventDate "2024.07.01"]
[EventType "team-tourn"]
[EventCountry "POL"]
[SourceTitle "playchess.com"]
[Source "ChessBase"]
[SourceQuality "1"]
[TimeControl "40/5400+30:1800+30"]

1. d4 Nf6 2. Nf3 e6 3. Bg5 d5 4. Nc3 Bb4 5. Qd3 c5 6. a3 c4 7. Qe3 Qa5 8. Bxf6 gxf6 9. Rb1 Be7 10. g3 Nd7 11. Bh3 a6 12. O-O Qc7 13. b3 b5 14. bxc4 Qxc4 15. Rb3 Bb7 16. Rfb1 Rc8 17. Qh6 Bf8 18. Qh5 Qc6 19. Re1 Be7 20. Bg2 Qb6 21. Reb1 Ba8 22. Bh3 Rc4 23. a4 b4 24. Na2 a5 25. c3 f5 26. e3 Bc6 27. Ng5 Bxg5 28. Qxg5 Bxa4 29. Ra3 Qc6 30. cxb4 axb4 31. Rab3 Bxb3 32. Rxb3 Qa4 33. Rb2 b3 34. Bxf5 Qxa2 35. Rb1 exf5 36. Qxf5 b2 37. Kg2 Rc1 38. Rxb2 Qxb2 39. Qxd5 Qc2 40. Qa8+ Qc8 41. Qe4+ Kf8 0-1

[Event "WSTCC-65 2024"]
[Site "Krakow"]
[Date "2024.07.05"]
[Round "4.2"]
[White "Kosten, Anthony C."]
[Black "Plachetka, Jan"]
[Result "1-0"]
[ECO "A37"]
[WhiteElo "2360"]
[BlackElo "2289"]
[Annotator "TA"]
[PlyCount "119"]
[EventDate "2024.07.01"]
[EventType "team-tourn"]
[EventCountry "POL"]
[SourceTitle "playchess.com"]
[Source "ChessBase"]
[SourceQuality "1"]
[TimeControl "40/5400+30:1800+30"]

1. c4 c5 2. g3 Nc6 3. Bg2 g6 4. Nc3 Bg7 5. Nf3 e6 6. h4 h6 7. d4 cxd4 8. Nb5 {[%emt 0:00:46][%cal Oe1g1] The position is equal.} d5 9. cxd5 exd5 {[%emt 0:01:52] ...Qa5+ is the strong threat.} 10. O-O Nge7 11. Nbxd4 O-O 12. Be3 Nf5 13. Nxf5 Bxf5 14. Qd2 Kh7 15. Rfd1 Be4 16. Rac1 Re8 17. b4 a6 18. a3 Qf6 19. Bd4 Nxd4 20. Nxd4 Bxg2 21. Kxg2 Rac8 22. Rxc8 Rxc8 23. e3 Qe7 24. Nf3 Rd8 25. Qd3 Bf6 26. Kg1 Qe4 27. Nd4 Kg8 28. Ne2 (28. Nb3 {simplifies} Qxd3 29. Rxd3 b6 30. Nd4) 28... g5 (28... Qxd3 {simplifies} 29. Rxd3 Kf8 30. Rd2 Ke7) 29. hxg5 hxg5 30. Qxe4 dxe4 31. Rxd8+ Bxd8 $14 {[%emt 0:00:02][%mdl 4096] Endgame. KB-KN} 32. g4 b5 $2 (32... f6 $11) 33. Nc3 Bf6 (33... Kg7 $142 34. Nxe4 Kg6) 34. Nxe4 $18 Bb2 35. Nc5 (35. Nxg5 Bxa3 36. Kf1 Bxb4 $17) 35... Bxa3 36. Nxa6 ({White must play} 36. Nd3 $1 $18) 36... Kg7 $14 37. Nc7 Bxb4 38. Nxb5 Kf6 39. Nd4 Bc3 40. Nf5 Ke5 41. Kf1 Ke6 42. Ke2 Ba5 43. Kd3 Be1 44. f3 Bb4 {[%emt 0:00:26] White leaves nothing to chance now.} 45. Ke4 Ba3 46. Nd4+ Kf6 47. Kd5 Bc1 48. e4 Bb2 49. Nc6 Bc1 $2 (49... Ba3 $16) 50. Kd6 $1 $18 Ba3+ {[%emt 0:02:09] [#]} 51. Kd7 $1 Kg6 52. Ke8 f6 53. Kd7 Bb2 54. Ke6 Bc3 55. Ne7+ Kg7 56. Kf5 (56. Nd5 $142 Be5 57. Nxf6 Bh2 58. Nd5 Kf8 59. e5 (59. Kf5 Ke8 $18) 59... Bg3 60. Kf6 Bf2 61. e6 (61. Kxg5 Bd4 $18)) 56... Bb2 57. Nc6 {[%emt 0:00:44] Intending e5 and mate.} Bc1 58. Nb8 {[%emt 0:00:00] Nd7 would kill now.} Bb2 {[%emt 0:00:00] [#]} 59. Nd7 $1 {[%emt 0:00:00] Hoping for e5.} Bc1 60. Nxf6 {Weighted Error Value: White=0.10 (very precise) /Black=0.59.  Loses game:     	---       	Black=2      Mistake:       	White=1     	Black=1      Inaccurate:     	White=1     	Black=4      OK:         	White=14    	Black=15     Best:        	White=3     	Black=2      Strong:       	White=1     	---} 1-0

[Event "WSTCC-65 2024"]
[Site "Krakow"]
[Date "2024.07.05"]
[Round "4.2"]
[White "Stebbings, Anthony J"]
[Black "Dovzhenko, Viktor"]
[Result "1-0"]
[ECO "B06"]
[WhiteElo "2240"]
[BlackElo "2044"]
[Annotator "TA"]
[PlyCount "83"]
[EventDate "2024.07.01"]
[EventType "team-tourn"]
[EventCountry "POL"]
[SourceTitle "playchess.com"]
[Source "ChessBase"]
[SourceQuality "1"]
[TimeControl "40/5400+30:1800+30"]

1. e4 g6 2. d4 a6 3. Be3 Bg7 4. Nc3 b5 5. h4 h5 6. Qd2 Bb7 7. f3 d6 8. O-O-O {[%emt 0:02:55] Weiß hat minimalen Vorteil.} Nd7 9. Nh3 Rc8 10. Kb1 c5 11. dxc5 Nxc5 12. Bd4 Nf6 {[%emt 0:07:36] [#]} 13. Nd5 $1 e5 (13... Ncd7 14. Nxf6+) 14. Nxf6+ Bxf6 15. Be3 O-O {[%emt 0:09:13] [#]} (15... Be7 $14) 16. Qxd6 ({Günstiger ist} 16. Nf2 $1 $16) 16... Bxh4 $14 17. Be2 ({Viel schlechter ist} 17. Bxc5 Rxc5 18. Qxd8 Rxd8 $17) (17. Nf2 $5 Qxd6 18. Rxd6 $11) 17... Qxd6 18. Rxd6 Be7 $2 {[%emt 0:01:35][%mdl 8192] [#]} (18... Rfd8 $11 19. Rb6 Rd7) 19. Bxc5 $1 $18 {[%emt 0:04:07][%cal Od6g6] Droht stark Rxg6+!} Bxd6 ({Doch nicht} 19... Rxc5 20. Rd7 $18) 20. Bxd6 Rfd8 21. Bxe5 Rd2 22. Re1 Rcxc2 23. Ng1 Rc8 24. Bc3 Rd7 25. Bd1 Kh7 26. Bb3 Re8 27. Nh3 Kh6 28. Nf4 f5 (28... g5 {ist wohl besser.}) 29. Nd5 {[%emt 0:02:40] Zielt auf Nf6 ab.} fxe4 30. fxe4 {[%emt 0:03:21] Droht Nf6 und aus.} Rf8 31. Re2 Rdf7 32. Kc2 Rf2 33. Kd3 Bc8 $2 (33... Rxe2 {ist eine bessere Verteidigung.} 34. Kxe2 h4) 34. Bd4 Rxe2 35. Kxe2 Bg4+ 36. Ke1 Be6 37. Ke2 $2 (37. Bc5 $18 Rf7 38. e5) 37... h4 $2 (37... Bg4+ $1 $11 {und Schwarz muss sich keine Sorgen machen.} 38. Kd3 g5) 38. Nf6 (38. Nc7 $142 Bxb3 39. axb3) 38... Bxb3 39. axb3 {[%emt 0:00:02][%cal Ba2b3,Bb3b4][%mdl 32] Und e5 würde nun gewinnen.} Kg5 $2 (39... g5 40. Kf3 b4) 40. Nh7+ Kh6 41. Nf6 $2 (41. Nxf8 {setzt Matt} g5 42. e5 Kg7 43. Ne6+ (43. Nd7 Kf7 $18) 43... Kf7 44. Nxg5+ Ke8 45. Bc5 Kd8 46. e6) 41... Rc8 $2 (41... Kg5 $1 $11 42. Nh7+ Kf4 43. Nxf8 Kxe4) 42. b4 {Gewichteter Fehlerwert: Weiß=0.52/Schwarz=0.69.  Verlustzug:     	---       	Schwarz=2     Gewinn verpasst:   	Weiß=1     	---        Fehler:       	Weiß=2     	Schwarz=4     Ungenau:       	Weiß=4     	Schwarz=4     OK:         	Weiß=12    	Schwarz=13    Bester:       	Weiß=1     	Schwarz=1     Stark:        	Weiß=1     	---} 1-0

[Event "WSTCC-65 2024"]
[Site "Krakow"]
[Date "2024.07.05"]
[Round "4.2"]
[White "Goldmane, Astra"]
[Black "Wood, Peter R"]
[Result "1/2-1/2"]
[ECO "C03"]
[WhiteElo "1989"]
[BlackElo "1948"]
[Annotator "NA RC"]
[PlyCount "46"]
[EventDate "2024.07.01"]
[EventType "team-tourn"]
[EventCountry "POL"]
[SourceTitle "playchess.com"]
[Source "ChessBase"]
[SourceQuality "1"]
[TimeControl "40/5400+30:1800+30"]

1. e4 e6 2. d4 d5 3. Nd2 h6 4. Ngf3 Nf6 5. e5 Nfd7 6. Nb3 c5 7. dxc5 Nc6 8. Bb5 Nxc5 9. Be3 Nxb3 10. axb3 Bd7 11. Bxc6 bxc6 12. O-O c5 13. b4 Qc7 14. bxc5 Bxc5 15. Bxc5 Qxc5 16. Qd4 Qxd4 17. Nxd4 O-O 18. Ra6 Rfb8 19. b3 Rb4 20. Rd1 Rb6 21. Rda1 Rb4 22. c3 Rb7 23. b4 Rc7 1/2-1/2

[Event "WSTCC-65 2024"]
[Site "Krakow"]
[Date "2024.07.05"]
[Round "4.3"]
[White "Kalinin, Alexander"]
[Black "Povah, Nigel E"]
[Result "0-1"]
[ECO "A45"]
[WhiteElo "2459"]
[BlackElo "2179"]
[Annotator "TA"]
[PlyCount "56"]
[EventDate "2024.07.01"]
[EventType "team-tourn"]
[EventCountry "POL"]
[SourceTitle "playchess.com"]
[Source "ChessBase"]
[SourceQuality "1"]
[TimeControl "40/5400+30:1800+30"]

1. d4 Nf6 2. g3 e6 3. Bg2 c5 4. c3 Nc6 5. Nf3 Be7 6. O-O O-O 7. Re1 d5 8. b3 b6 9. c4 cxd4 10. cxd5 (10. Nxd4 $15 Nxd4 11. Qxd4) 10... Nxd5 $17 ({Much weaker is} 10... Qxd5 $6 11. Bb2 $11 (11. Nxd4 Qxd4 12. Qxd4 Nxd4 $17)) 11. Bb2 (11. Nxd4 $2 {perishes.} Nxd4 12. Bb2 (12. Qxd4 $2 {too greedy.} Bf6 $19) 12... Nc6 $19) (11. Ba3 $17 {might work better.}) 11... e5 $19 12. Nbd2 Be6 13. Nc4 f6 14. e3 dxe3 15. Nxe3 Nxe3 16. Rxe3 Qxd1+ 17. Rxd1 Rfd8 18. Ra1 Rac8 19. Bf1 Bc5 20. Rd3 {[%emt 0:20:46] [#]} (20. Re2) 20... e4 21. Rxd8+ Rxd8 22. Bb5 (22. Re1 $142 Bg4 23. b4 Bxb4 (23... Nxb4 $2 24. Nd4 $19) 24. Rxe4 Bxf3 25. Rf4) 22... exf3 23. Bxc6 Rd2 24. Bc3 Bxf2+ 25. Kh1 Rc2 26. Be1 Bxe1 27. Be4 f2 28. Kg2 {[%emt 0:00:54] [#]} Bh3+ $1 {[%emt 0:00:09] Black took control after the opening.   Weighted Error Value: White=0.96/Black=0.11 (very precise) .  Mistake:       	White=4     	---        Inaccurate:     	White=1     	---        OK:         	White=3     	Black=9      Best:        	---       	Black=2} 0-1

[Event "WSTCC-65 2024"]
[Site "Krakow"]
[Date "2024.07.05"]
[Round "4.3"]
[White "Lanc, Alois"]
[Black "Mestel, A Jonathan"]
[Result "1/2-1/2"]
[ECO "B93"]
[WhiteElo "2256"]
[BlackElo "2470"]
[Annotator "TA"]
[PlyCount "86"]
[EventDate "2024.07.01"]
[EventType "team-tourn"]
[EventCountry "POL"]
[SourceTitle "playchess.com"]
[Source "ChessBase"]
[SourceQuality "1"]
[TimeControl "40/5400+30:1800+30"]

1. e4 c5 2. Nf3 d6 3. d4 cxd4 4. Nxd4 Nf6 5. Nc3 a6 6. f4 Nbd7 7. Nf3 (7. Be2 $14) 7... g6 (7... e6 $11 {remains equal.}) 8. e5 $1 $16 dxe5 9. fxe5 {[%emt 0:00:19] White is better.} Ng4 {[%emt 0:00:15][%cal Of8g7] [#]} 10. e6 $1 fxe6 11. Ng5 Nde5 12. Qxd8+ Kxd8 13. h3 Nh6 (13... Nf6 $16) 14. Na4 {[%emt 0:10:29] Black must now prevent Nb6.} Nef7 15. Nb6 $36 {[%emt 0:09:01][%mdl 2048] White is on the roll.} Rb8 {[%emt 0:00:44] [#]} 16. Bc4 $1 (16. Bf4 e5 17. Bh2 Bg7 (17... Nxg5 $2 18. Bxe5 Nf5 19. Bxb8 $18) 18. Rd1+ Ke8 19. Nxf7 Nxf7 $16) 16... Nxg5 (16... Bg7 $16 17. Nxf7+ (17. Bxe6 Nxg5 18. Bxc8 Ne4 $11) (17. Nxe6+ Bxe6 18. Bxe6 Kc7 $16) 17... Nxf7 18. Nxc8 Rxc8 19. Bxe6 Nd6) 17. Bxg5 {[%emt 0:00:21] Bf4 is the strong threat.} Nf7 18. O-O-O+ Kc7 19. Bf4+ Kxb6 20. Bxb8 Nd6 21. Bxd6 exd6 22. Rhf1 Bd7 23. Kb1 d5 24. Bb3 (24. Rf7 $2 Be8 25. Rf6 dxc4 $19) 24... Kc5 25. Rf7 Bc6 26. Re1 Kd6 27. c4 {[%emt 0:03:04] White is much more active.} d4 (27... Bh6 $16 28. cxd5 exd5) 28. Rf6 (28. c5+ $18 Kxc5 29. Re5+ (29. Rxe6 d3 $14) 29... Kb6 30. Rxe6) 28... Bd7 {[%emt 0:00:51] [#]} (28... Kd7 $16) 29. c5+ $1 $18 Kxc5 30. Bxe6 Bc6 31. Rc1+ Kd6 $2 (31... Kb4 {is tougher.} 32. a3+ Ka5 33. b4+ Kb5) 32. Bc4+ $2 (32. Bg8+ Ke7 33. Rf7+ Kd6 34. Rxf8) 32... Ke5 33. Rcf1 Be4+ 34. Ka1 Bf5 {[%emt 0:00:01] [#] Wards off Re6+} 35. Rf7 {[%emt 0:02:19][%cal Og2g4] Threatens to win with g4!} b5 36. Re1+ Kd6 (36... Kf4 $142) 37. Rf6+ Kc5 (37... Kd7 $142 38. Bd5 (38. Be6+ Bxe6 39. Rfxe6 Bb4 $16) 38... Bb4) 38. Bb3 Bh6 {[%emt 0:00:58] Repels Rc1+} 39. g4 {[%emt 0:02:17] Re5+ would now be deadly.} (39. Rxa6 Be3 40. a3 Bd3 $18) 39... Bd3 40. a3 $2 ({Less strong is} 40. Rxa6 Be3 41. Rf6 h5 $16) ({But not} 40. Re5+ Kb4 41. Bd1 (41. Rxa6 Rc8 $16) 41... Rc8 42. a3+ (42. Rxa6 $2 Rc1#) 42... Kc4) (40. g5 $18 {is more deadly.} Bg7 41. Rf7 (41. Rxa6 Bc4 $18)) 40... Be3 $16 41. Rxa6 Rf8 {[%emt 0:13:49] Dodges Bf7} 42. Re6 Rf3 43. h4 Rh3 {Weighted Error Value: White=0.43/Black=0.44.  Missed win:     	White=1     	---        Mistake:       	White=2     	Black=8      Inaccurate:     	White=3     	Black=1      OK:         	White=12    	Black=16     Best:        	White=8     	Black=3      Strong:       	White=1     	---        Brilliant:      	White=1     	---} 1/2-1/2

[Event "WSTCC-65 2024"]
[Site "Krakow"]
[Date "2024.07.05"]
[Round "4.3"]
[White "Reuben, Stewart"]
[Black "Ungure, Liga"]
[Result "0-1"]
[ECO "D71"]
[WhiteElo "1995"]
[BlackElo "1970"]
[Annotator "NA RC"]
[PlyCount "40"]
[EventDate "2024.07.01"]
[EventType "team-tourn"]
[EventCountry "POL"]
[SourceTitle "playchess.com"]
[Source "ChessBase"]
[SourceQuality "1"]
[TimeControl "40/5400+30:1800+30"]

1. d4 Nf6 2. c4 g6 3. g3 Bg7 4. Bg2 O-O 5. Nc3 d6 6. e4 c5 7. d5 e6 8. Nge2 exd5 9. Nxd5 Nxd5 10. Qxd5 Nc6 11. Bg5 Qa5+ 12. Bd2 Qb6 13. O-O Be6 14. Qxd6 Nd4 15. Qxb6 Nxe2+ 16. Kh1 axb6 17. Rfe1 Nd4 18. Rec1 Ra4 19. b3 Nxb3 20. axb3 Rxa1 0-1

[Event "WSTCC-65 2024"]
[Site "Krakow"]
[Date "2024.07.05"]
[Round "4.4"]
[White "Chapman, Terry P D"]
[Black "Petran, Peter"]
[Result "1/2-1/2"]
[ECO "A80"]
[WhiteElo "2287"]
[BlackElo "2195"]
[Annotator "TA"]
[PlyCount "46"]
[EventDate "2024.07.01"]
[EventType "team-tourn"]
[EventCountry "POL"]
[SourceTitle "playchess.com"]
[Source "ChessBase"]
[SourceQuality "1"]
[TimeControl "40/5400+30:1800+30"]

1. d4 f5 2. Nf3 Nf6 3. g3 b6 4. Bg2 Bb7 5. c4 e6 6. a3 Be7 7. Nc3 O-O 8. O-O Ne4 9. Qc2 Nxc3 10. Qxc3 {[%emt 0:00:44] Die Stellung ist ausgeglichen.} Bf6 11. b4 c5 12. Be3 Bxf3 13. Bxf3 ({Ein No Go ist} 13. exf3 Nc6 14. Qb3 (14. bxc5 bxc5 15. Qb3 Nxd4 $17) 14... Bxd4 $15 (14... Nxd4 15. Qd3 $15)) 13... Nc6 14. Bxc6 dxc6 15. Rad1 Qc7 16. bxc5 bxc5 17. Qc2 cxd4 18. Bxd4 Bxd4 19. Rxd4 Rfd8 20. Rfd1 Rxd4 21. Rxd4 {[%emt 0:00:21] Droht Qd3.} Rd8 22. Qd3 Rxd4 23. Qxd4 c5 {[%emt 0:00:16] Nicht viel passiert in dieser Partie.   Gewichteter Fehlerwert: Weiß=0.01 (makellos) /Schwarz=0.02 (makellos) .  OK:         	Weiß=4     	Schwarz=5     Bester:       	---       	Schwarz=1} 1/2-1/2

[Event "WSTCC-65 2024"]
[Site "Krakow"]
[Date "2024.07.05"]
[Round "4.4"]
[White "Beaumont, Chris R"]
[Black "Malienko, Alexander"]
[Result "1-0"]
[ECO "A37"]
[WhiteElo "2198"]
[BlackElo "1904"]
[Annotator "RC"]
[PlyCount "75"]
[EventDate "2024.07.01"]
[EventType "team-tourn"]
[EventCountry "POL"]
[SourceTitle "playchess.com"]
[Source "ChessBase"]
[SourceQuality "1"]
[TimeControl "40/5400+30:1800+30"]

1. Nf3 c5 2. c4 g6 3. g3 Bg7 4. Bg2 Nc6 5. Nc3 e6 6. d4 cxd4 7. Nb5 d5 8. cxd5 Qa5+ 9. Nd2 Qxb5 10. dxc6 bxc6 11. a4 Qb6 12. b4 Rb8 13. Ba3 Ne7 14. b5 cxb5 15. axb5 Qd8 16. Qa4 Bd7 17. Rb1 O-O 18. O-O Re8 19. Ne4 Nd5 20. Bd6 Ra8 21. Qc4 f5 22. Nc5 Bxb5 23. Rxb5 Qxd6 24. Nxe6 Rxe6 25. Bxd5 Rae8 26. Rb7 Kf8 27. Bxe6 Qxe6 28. Qxe6 Rxe6 29. Rc1 Bf6 30. Rc8+ Re8 31. Rxe8+ Kxe8 32. Rxa7 Be7 33. Kf1 Kf7 34. Ke1 Ke6 35. Kd2 h5 36. Kd3 Bf6 37. Ra6+ Kf7 38. h4 1-0

[Event "WSTCC-65 2024"]
[Site "Krakow"]
[Date "2024.07.05"]
[Round "4.4"]
[White "Priedite, Ingrida"]
[Black "Kane, Robert"]
[Result "1/2-1/2"]
[ECO "A20"]
[WhiteElo "2044"]
[BlackElo "1849"]
[Annotator "NA RC"]
[PlyCount "42"]
[EventDate "2024.07.01"]
[EventType "team-tourn"]
[EventCountry "POL"]
[SourceTitle "playchess.com"]
[Source "ChessBase"]
[SourceQuality "1"]
[TimeControl "40/5400+30:1800+30"]

1. c4 e5 2. g3 Nc6 3. Bg2 Bc5 4. Nc3 a6 5. e3 d6 6. Nge2 Nge7 7. O-O Ba7 8. h3 h5 9. Nd5 h4 10. g4 f5 11. gxf5 Bxf5 12. d4 Nxd5 13. cxd5 Ne7 14. dxe5 dxe5 15. Qa4+ Qd7 16. Qxd7+ Kxd7 17. b4 Bd3 18. Re1 Kd6 19. Nc3 a5 20. a3 axb4 21. axb4 Bb6 1/2-1/2

[Event "WSTCC-65 2024"]
[Site "Krakow"]
[Date "2024.07.05"]
[Round "4.5"]
[White "Mikhalevski, Alexander"]
[Black "Roos, Daniel"]
[Result "1/2-1/2"]
[ECO "D11"]
[WhiteElo "2393"]
[BlackElo "2307"]
[Annotator "TA"]
[PlyCount "109"]
[EventDate "2024.07.01"]
[EventType "team-tourn"]
[EventCountry "POL"]
[SourceTitle "playchess.com"]
[Source "ChessBase"]
[SourceQuality "1"]
[TimeControl "40/5400+30:1800+30"]

1. d4 d5 2. c4 c6 3. Nf3 Nf6 4. e3 g6 5. Nc3 Bg7 6. Qb3 e6 7. Bd3 O-O 8. O-O Nbd7 9. e4 dxe4 10. Bxe4 Nxe4 11. Nxe4 Qc7 12. c5 b6 13. Bg5 Ba6 14. Rfc1 Be2 15. Rc2 Bxf3 16. Qxf3 bxc5 17. Be7 Rfe8 18. Bd6 Qa5 19. dxc5 h6 ({Black should try} 19... Rad8 $14) 20. h4 Qa4 21. b3 Qa6 (21... Qb5 $16 {is a better defense.} 22. Bg3 Ne5 (22... Bxa1 $2 23. Nd6 $18) 23. Bxe5 Bxe5) 22. Rd1 $18 f5 23. Nd2 $1 Nf6 24. Nc4 Ne4 25. Qe3 (25. Be5 $18 {Strongly threatening Bxg7.} Bxe5 26. Nxe5) 25... Rad8 $16 26. Qe1 Kh7 27. f3 Nf6 28. Be5 Rxd1 29. Qxd1 Nd5 30. Bxg7 Kxg7 31. Qd4+ Kh7 32. Qe5 Qb7 33. Qd6 $1 a5 (33... h5 $16) 34. Re2 $18 (34. Nxa5 Qb4 35. Nxc6 Qe1+ 36. Kh2 Qxh4+ 37. Kg1 Qe1+ 38. Kh2 Qh4+ 39. Kg1 Qe1+ 40. Kh2 Qh4+ $11) 34... a4 35. Rxe6 (35. bxa4 Qa6 36. Rc2 (36. Rxe6 Rxe6 37. Qxe6 Qxc4 $11) (36. h5 Qxc4 37. Rxe6 Rxe6 $17) 36... Qxa4 $11) 35... Rxe6 36. Qxe6 axb3 37. axb3 Qxb3 (37... Qe7 {was worth a try.} 38. Qxe7+ (38. Qxc6 Nb4 $11) 38... Nxe7) 38. h5 gxh5 (38... Qxc4 39. hxg6+ (39. Qxg6+ Kh8 $11) 39... Kh8 40. Qe8+ (40. Qxc6 $2 Qd4+ 41. Kf1 Qd1+ 42. Kf2 Qd2+ 43. Kg3 Qe1+ 44. Kh2 Qe5+ 45. Kg1 Nf4 $19) 40... Kg7 41. Qf7+ Kh8 42. Qh7#) 39. Qxf5+ (39. Ne5 $1 $18 {and the rest is easy. Threatening mate with Qf7+.} Qe3+ 40. Kh2) 39... Kg7 $16 40. Qe5+ Nf6 41. Nd6 Qd5 $2 (41... Kg6 $16) 42. Nf5+ Kf7 43. Qe7+ (43. Nxh6+ Kg6 44. Qe3 Qd1+ 45. Kf2 Qd7 $11) 43... Kg6 44. Nh4+ Kg5 45. Qg7+ (45. Qe3+ $142 Kxh4 46. Qf4+ (46. Qxh6 $2 Kg3 $19) (46. Kh2 Ng4+ 47. fxg4 Kxg4 $11) 46... Ng4 47. fxg4 Qe6 48. g5+ Qg4 49. Qxg4+ Kxg4 50. gxh6 (50. g6 Kf5 51. g7 Ke5 52. g8=Q Kd4 53. Qf8 Kc4 54. Qd6 Kb5)) 45... Kxh4 46. Qxf6+ Qg5 {[%emt 0:00:37] [#]} 47. Qd4+ $1 ({Inferior is} 47. Qxc6 Qc1+ 48. Kf2 Qxc5+ 49. Qxc5 $11) 47... Kg3 48. Qf2+ (48. Qd6+ $142 Qf4 49. Kf1 (49. Qxc6 $2 Qc1#) 49... Qxd6 50. cxd6 h4 51. Ke2 (51. d7 h3 52. gxh3 Kxf3 53. d8=Q Kf4 54. Qf6+ Ke4 55. Qxc6+ Ke5) 51... Kf4 52. d7 h5 53. d8=Q (53. d8=B h3 $18)) 48... Kf4 $18 49. Qd4+ (49. Qd2+ $18 Kg3 50. Qd6+ Qf4 51. Kf1 (51. Qxc6 $2 Qc1#)) 49... Kg3 {[%emt 0:00:10] [#]} 50. Qd6+ $1 Qf4 51. Kf1 (51. Qxc6 $2 Qc1#) 51... h4 52. Kg1 $2 (52. Ke2 {mates} h5 53. Ke1 h3 54. gxh3 Kxf3 55. Qxc6+ Ke3 56. Qe6+ Kf3 57. Qd5+ Kg3 58. Qd6 (58. Qxh5 Qe3+ 59. Qe2 Qc1+ 60. Qd1 Qe3+ 61. Qe2 Qc1+ 62. Qd1 Qe3+ 63. Qe2 $11)) 52... h3 $11 53. gxh3 h5 54. h4 (54. Qxc6 $2 Qc1#) 54... Kh3 $1 55. Qxf4 1/2-1/2

[Event "WSTCC-65 2024"]
[Site "Krakow"]
[Date "2024.07.05"]
[Round "4.5"]
[White "Binham, Timothy F."]
[Black "Carvalho, Herbert Abreu"]
[Result "1/2-1/2"]
[ECO "A46"]
[WhiteElo "2276"]
[BlackElo "2123"]
[Annotator "RC"]
[PlyCount "165"]
[EventDate "2024.07.01"]
[EventType "team-tourn"]
[EventCountry "POL"]
[SourceTitle "playchess.com"]
[Source "ChessBase"]
[SourceQuality "1"]
[TimeControl "40/5400+30:1800+30"]

1. d4 Nf6 2. Nf3 e6 3. g3 b6 4. Bg2 Bb7 5. O-O c5 6. c4 cxd4 7. Qxd4 Nc6 8. Qf4 d6 9. Nc3 Be7 10. Rd1 a6 11. b3 O-O 12. Ba3 Ne8 13. Ne4 d5 14. cxd5 exd5 15. Bb2 Qb8 16. Rxd5 Qxf4 17. gxf4 Rc8 18. Rd7 Rc7 19. Rad1 Nb8 20. Rxc7 Nxc7 21. Nd4 Rd8 22. Rc1 Nd5 23. e3 Rc8 24. Rd1 g6 25. f5 Nd7 26. h4 N7f6 27. Ng5 Rc7 28. Bf3 h6 29. fxg6 hxg5 30. hxg5 Ne8 31. gxf7+ Kxf7 32. Bh5+ Kg8 33. Bxe8 Nxe3 34. fxe3 Bxg5 35. Ne6 Bxe3+ 36. Kf1 Rc2 37. Bd4 Bf3 38. Bxe3 Bxd1 39. Bxb6 Rxa2 40. Nd4 Kf8 41. Bc6 Ke7 42. Bc5+ Kd8 43. b4 Kc7 44. Bd5 Ra1 45. Kf2 Ba4 46. Ne6+ Kd7 47. Bd4 Rd1 48. Ke2 Kd6 49. Bc4 Rh1 50. Bc5+ Ke5 51. Nc7 Rc1 52. Bxa6 Rxc5 53. bxc5 Kd4 54. Ne6+ Kd5 55. Bc8 Kc4 56. Ke3 Bc6 57. Kf4 Bd5 58. Ba6+ Kb4 59. Ke5 Bxe6 60. Kd6 Bg4 61. Bb7 Kb5 62. Be4 Bc8 63. Bd3+ Kb4 64. c6 Ka5 65. Kc7 Bg4 66. Kd8 Kb6 67. c7 Kc6 68. Ba6 Kd6 69. Bc8 Be2 70. Bd7 Ba6 71. Bg4 Bb7 72. Bf3 Ba6 73. Bg2 Ke6 74. Bf1 Bb7 75. Bc4+ Kd6 76. Bb5 Kc5 77. Be2 Kd6 78. Bc4 Kc5 79. Bb3 Kd6 80. Ba2 Ba6 81. Bb1 Bb7 82. Be4 Ba6 83. Bg2 1/2-1/2